 Dungeon Crawl Stone Soup version 0.24-a0-93-ge1bfdf8 (console) character file.

Game seed: 743829609585121296

66 Duffy the Conjurer (level 4, 0/36 HPs)
             Began as a Naga Fire Elementalist on Feb 11, 2019.
             Slain by a bullfrog (3 damage)
             ... on level 4 of the Dungeon.
             The game lasted 00:01:46 (1249 turns).

Duffy the Conjurer (Naga Fire Elementalist)         Turns: 1249, Time: 00:01:47

Health: 0/36       AC:  2    Str: 10    XL:     4   Next: 15%
Magic:  3/7        EV: 10    Int: 17    God:
Gold:   99         SH:  0    Dex: 11    Spells: 3/7 levels left

rFire    . . .     SeeInvis +   (no weapon)
rCold    . . .     Gourm    .   (no shield)
rNeg     . . .     Faith    .   a - +0 robe
rPois    +         Spirit   .   (no helmet)
rElec    .         Reflect  .   (no cloak)
rCorr    .         Harm     .   (no gloves)
MR       .....                  (no barding)
Stlth    ++........             (no amulet)
HPRegen  0.12/turn              (no ring)
MPRegen  0.10/turn              (no ring)

@: very slow
A: large, see invisible, deformed body, poison resistance, slowness 2, slow
metabolism 1, spit poison 1, AC +1
a: Spit Poison


You were on level 4 of the Dungeon.
You were not hungry.

You visited 1 branch of the dungeon, and saw 4 of its levels.

You collected 99 gold pieces.

Inventory:

Missiles
 d - 2 javelins (quivered)
Armour
 a - a +0 robe (worn)
 f - a +0 shield
Scrolls
 e - a scroll of remove curse {unknown}
 h - 2 scrolls of teleportation {unknown}
 i - a scroll of identify {unknown}
Potions
 g - a potion of brilliance {unknown}
 j - a potion of haste {unknown}
Comestibles
 b - 2 chunks of flesh
 c - 5 rations


   Skills:
 - Level 1.5 Dodging
 - Level 3.0 Stealth
 + Level 2.3 Spellcasting
 + Level 3.3 Conjurations
 + Level 3.3 Fire Magic


You had 3 spell levels left.
You knew the following spells:

 Your Spells              Type           Power        Failure   Level  Hunger
h - Flame Tongue          Conj/Fire      ##...        4%          1    #......
l - Conjure Flame         Conj/Fire      ##......     14%         3    ###....

Your spell library contained the following spells:

 Spells                   Type           Power        Failure   Level  Hunger
 Throw Flame              Conj/Fire      ##....       8%          2    ###....
 Inner Flame              Hex/Fire       #.......     28%         3    ###....
 Sticky Flame             Conj/Fire      ##......     43%         4    #####..
 Fireball                 Conj/Fire      ##........   80%         5    ######.


Dungeon Overview and Level Annotations

Branches:
Dungeon (4/15)
 Temple: D:4-7

Altars:


Innate Abilities, Weirdness & Mutations

You cannot wear boots.
Your serpentine skin is tough. (AC +1)
You have supernaturally acute eyesight. (SInv)
Armour fits poorly on your strangely shaped body.
Your system is resistant to poisons. (rPois)
You cover ground very slowly.
You have a slow metabolism.
You can spit poison.


Message History

Press: ? - help, Shift-Dir - straight line, f/p - bullfrog
Aim: a bullfrog The flame tongue hits the bullfrog.
The bullfrog is lightly wounded.
The bullfrog completely misses you. The bullfrog hits you.
Cast which spell? (? or * to list)
Aiming: Flame Tongue (safe; 4% risk of failure)
Press: ? - help, Shift-Dir - straight line, f/p - bullfrog
Aim: a bullfrog (lightly wounded)
The flame tongue hits the bullfrog.
The bullfrog is moderately wounded.
The bullfrog hits you!
Cast which spell? (? or * to list)
Aiming: Flame Tongue (safe; 4% risk of failure)
Press: ? - help, Shift-Dir - straight line, f/p - bullfrog
Aim: a bullfrog (moderately wounded)
The flame tongue hits the bullfrog.
The bullfrog is heavily wounded.
The bullfrog hits you.
You die...

### .. #.... .(.##.#
.(.# ....#.. ##.##
##.. #...(..
###...###... #%....
##...........
##.....##..........#.
..........##..<......
...###....###F#..##.#
#..##F###@....#.#.##
#.# .##......[......
#.. .#..#.........#
#....#......##....# .
..##...........#
F..##.#...##....#...
.........###.##....
.#.......##.## ...
####........# .#


You could see a bullfrog.

Vanquished Creatures
  A worker ant (D:4)
  An adder (D:4)
  2 worms (D:2)
  2 dart slugs
  A leopard gecko (D:3)
  3 bats
  2 giant cockroaches (D:1)
  4 goblins
  A hobgoblin (D:1)
  2 jackals (D:2)
  2 kobolds (D:2)
  A rat (D:2)
22 creatures vanquished.

Notes
Turn   | Place    | Note
-------+----------+-------------------------------------------
     0 | D:1      | Duffy the Naga Fire Elementalist began the quest for the
                  | Orb.
     0 | D:1      | Reached XP level 1. HP: 15/15 MP: 3/3
   101 | D:1      | Reached XP level 2. HP: 21/22 MP: 0/5
   787 | D:2      | Reached XP level 3. HP: 28/28 MP: 2/6
  1161 | D:4      | Learned a level 3 spell: Conjure Flame
  1206 | D:4      | Reached XP level 4. HP: 26/36 MP: 1/7
  1238 | D:4      | Noticed a bullfrog
  1249 | D:4      | Slain by a bullfrog

Levels and vault maps discovered:
D:1:      dpeg_arrival_court, layout_loops_ring
D:2:      minmay_door_path, layout_loops_ring, uniq_jessica
D:3:      wad_lake_hut, layout_basic, chequers_ecumenical_altar_island,
          uniq_crazy_yiuf_cottage
D:4:      layout_cave_pools, grunt_temple_overflow_open,
          okawaru_metal_pillars_1_2

Skill      XL: |  1  2  3 |
---------------+----------+-----
Conjurations   | 2 3 |  3.3
Dodging        | |  1.5
Stealth        | |  3.0
Spellcasting   | |  2.3
Fire Magic     | |  3.3

Action                   |  1- 3 |  4- 6 || total
-------------------------+-------+-------++-------
Throw: Javelin           |    24 |     1 ||    25
 Cast: Flame Tongue      |    34 |     4 ||    38
 Abil: Spit Poison       |     7 |       ||     7
  Eat: Chunk             |     1 |       ||     1
Armor: Robe              |     1 |       ||     1
Dodge: Dodged            |    18 |     1 ||    19

Table legend:
 A = Non-vault XP
 B = Vault XP
 C = Vault XP percentage of total XP
 D = Non-vault monster count
 E = Vault monster count
 F = Vault count percentage of total count
                 A         B        C        D         E       F
            +---------+---------+-------+---------+---------+-------
      Total |      95 |       0 |   0.0 |      22 |       0 |   0.0
            +---------+---------+-------+---------+---------+-------
        D:1 |      18 |       0 |   0.0 |       8 |       0 |   0.0
        D:2 |      23 |       0 |   0.0 |      10 |       0 |   0.0
        D:3 |       3 |       0 |   0.0 |       1 |       0 |   0.0
        D:4 |      51 |       0 |   0.0 |       3 |       0 |   0.0
            +---------+---------+-------+---------+---------+-------
